 Dungeon Crawl Stone Soup version 0.20.0-15-g7f486f2 (webtiles) character file.

3275 Hasart the Thrower (level 9, -4/85 HPs)
             Began as a Troll Hunter on June 10, 2017.
             Was a Believer of Okawaru.
             Slain by a crocodile (14 damage)
             ... on level 8 of the Dungeon.
             The game lasted 00:14:55 (5888 turns).

Hasart the Thrower (Troll Hunter)                   Turns: 5888, Time: 00:14:55

Health: -4/85      AC:  6    Str: 25      XL:     9   Next: 68%
Magic:  9/9        EV:  8    Int:  9      God:    Okawaru [**....]
Gold:   442        SH:  8    Dex:  6 (10) Spells: 8/8 levels left

rFire    . . .     SeeInvis .     - Unarmed
rCold    . . .     Gourm    +   x - +0 shield
rNeg     . . .     Faith    .   b - +0 robe
rPois    .         Spirit   .   (helmet restricted)
rElec    .         Reflect  .   t - +0 cloak (curse)
rCorr    .         Harm     .   (gloves unavailable)
MR       .....                  (boots unavailable)
Stlth    +.........             (no amulet)
Regen    0.7/turn               B - +2 ring of intelligence
MPRegen  0.2/turn               (no ring)

@: very slightly contaminated, invisible
A: unfitting armour, claws 3, fast metabolism 3, gourmand, regeneration 1,
shaggy fur 1, tough skin 2
a: Heroism, Renounce Religion


You were on level 8 of the Dungeon.
You worshipped Okawaru.
Okawaru was pleased with you.
You were not hungry.

You visited 2 branches of the dungeon, and saw 9 of its levels.

You collected 442 gold pieces.

Inventory:

Hand Weapons
 w - a +0 giant spiked club
Missiles
 d - 3 throwing nets (quivered)
Armour
 b - a +0 robe (worn)
 t - a cursed +0 cloak (worn)
 x - a +0 shield (worn)
Jewellery
 B - a +2 ring of intelligence (left claw)
 E - an uncursed ring of fire {unknown}
 H - an uncursed amulet of rage {unknown}
Wands
 s - a wand of random effects (36/48)
 u - a wand of confusion (31/48)
 A - a wand of paralysis (7/24)
 C - a wand of paralysis (12/24)
 J - a wand of digging (16/24)
Scrolls
 a - 4 scrolls of remove curse {unknown}
 g - 3 scrolls of amnesia {unknown}
 h - 2 scrolls of teleportation
 l - 6 scrolls of identify {unknown}
 m - a scroll of magic mapping {unknown}
 q - a scroll of fear {unknown}
 r - 2 scrolls of enchant armour {unknown}
 y - 2 scrolls of enchant weapon {unknown}
 z - 2 scrolls of random uselessness {unknown}
 F - 2 scrolls of immolation {unknown}
Potions
 e - a potion of mutation {unknown}
 j - 2 potions of resistance {unknown}
 k - a potion of brilliance {unknown}
 n - 2 potions of agility {unknown}
 p - a potion of curing
 D - a potion of lignification {unknown}
 G - 2 potions of flight {unknown}
Comestibles
 f - 9 bread rations
 i - 3 royal jellies
 o - 5 meat rations
 I - 2 fruits


   Skills:
 + Level 4.6 Fighting
 * Level 8.0 Throwing
 + Level 4.2 Dodging
 - Level 0.3 Stealth
 + Level 3.3 Shields
 * Level 7.2 Unarmed Combat
 + Level 2.0 Invocations


You had 8 spell levels left.
You didn't know any spells.

Dungeon Overview and Level Annotations

Branches:
Dungeon (8/15)             Temple (1/1) D:7
   Lair: D:8-11

Altars:
Ashenzari
Cheibriados
Dithmenos
Elyvilon
Fedhas
Gozag
Hepliaklqana
Kikubaaqudgha
Makhleb
Nemelex Xobeh
Okawaru
Qazlal
Ru
Sif Muna
Trog
Uskayaw
Vehumet
Xom
Yredelemnul
Zin
The Shining One

Shops:
D:6 =


Innate Abilities, Weirdness & Mutations

You are too large for most types of armour.
You have claws for hands.
Your metabolism is lightning-fast.
You like to eat raw meat.
Your natural rate of healing is unusually fast.
You are covered in fur. (AC +1)
You have very tough skin. (AC +2)


Message History

Aim: a crocodile You throw a large rock.
The large rock hits the crocodile!
The crocodile is heavily wounded.
The crocodile bites you but does no damage.
The crocodile barely misses you.
You closely miss the crocodile.
The crocodile is heavily wounded.
The crocodile bites you!
* * * LOW HITPOINT WARNING * * *
You barely miss the crocodile.
The crocodile is heavily wounded.
The crocodile bites you.
* * * LOW HITPOINT WARNING * * *
You fade into invisibility!
The crocodile completely misses you.
You are very lightly contaminated with residual magic.
Your shield prevents you from hitting the crocodile.
The crocodile is heavily wounded.
The crocodile bites you!
You die...

.(.(... .......#
.......#
.......##########
.................
.................
#.รท(........
########...........
#....t@((...(......
#.#################


You could see a crocodile.

Vanquished Creatures
  Grinder (D:5)
  Prince Ribbit (D:6)
  Grum (D:8)
  A water moccasin (D:8)
  A porcupine (D:8)
  3 ice beasts
  A black bear (D:6)
  3 wolves (D:8)
  4 ogres
  2 centaurs
  2 bullfrogs
  A scorpion (D:7)
  9 killer bees
  4 crimson imps
  2 bullfrog zombies (D:6)
  A quasit (D:8)
  An orc priest (D:7)
  A bullfrog skeleton (D:4)
  3 hounds
  4 orc wizards
  3 worker ants
  An iguana (D:4)
  A worker ant zombie (D:5)
  9 adders
  A howler monkey skeleton (D:4)
  2 shadow imps (D:5)
  An ooze (D:3)
  5 worms
  A dart slug (D:1)
  A leopard gecko (D:4)
  16 orcs
  5 giant cockroaches
  9 goblins
  10 hobgoblins
  17 jackals
  4 quokkas
  4 ball pythons
  9 bats
  5 frilled lizards
  6 kobolds
  A quokka skeleton (D:7)
  8 rats
165 creatures vanquished.

Vanquished Creatures (others)
  4 plants (D:8)
4 creatures vanquished.

Grand Total: 169 creatures vanquished

Notes
Turn   | Place    | Note
-------+----------+-------------------------------------------
     0 | D:1      | Hasart the Troll Hunter began the quest for the Orb.
     0 | D:1      | Reached XP level 1. HP: 19/19 MP: 0/0
    99 | D:1      | Reached XP level 2. HP: 19/27 MP: 1/1
   292 | D:1      | Reached skill level 4 in Throwing
   292 | D:1      | Reached skill level 1 in Unarmed Combat
   419 | D:1      | Reached XP level 3. HP: 35/35 MP: 2/2
  1135 | D:2      | Reached XP level 4. HP: 42/42 MP: 3/3
  2029 | D:3      | Reached XP level 5. HP: 40/49 MP: 4/4
  2563 | D:4      | Reached skill level 5 in Throwing
  2699 | D:4      | Reached XP level 6. HP: 54/59 MP: 5/5
  3141 | D:5      | Entered Level 5 of the Dungeon
  3269 | D:5      | Noticed an ice beast
  3279 | D:5      | Killed an ice beast
  3279 | D:5      | Reached XP level 7. HP: 43/66 MP: 6/6
  3740 | D:5      | Reached skill level 1 in Shields
  3797 | D:5      | Reached skill level 6 in Throwing
  4006 | D:5      | Noticed Grinder
  4013 | D:5      | Killed Grinder
  4013 | D:5      | Reached XP level 8. HP: 37/75 MP: 7/7
  4279 | D:6      | Reached skill level 5 in Unarmed Combat
  4305 | D:6      | Found Kutwuekk's Jewellery Shoppe.
  4433 | D:6      | Found a bloodstained altar of Trog.
  4602 | D:6      | Noticed Prince Ribbit
  4608 | D:6      | Killed Prince Ribbit
  4702 | D:7      | Reached skill level 7 in Throwing
  4711 | D:7      | Found a staircase to the Ecumenical Temple.
  4718 | Temple   | Entered the Ecumenical Temple
  4798 | Temple   | Became a worshipper of Warmaster Okawaru
  5000 | D:7      | Found a blossoming altar of Fedhas.
  5207 | D:7      | Reached skill level 1 in Invocations
  5207 | D:7      | Reached XP level 9. HP: 55/84 MP: 8/8
  5493 | D:7      | Reached * piety under Okawaru
  5769 | D:8      | Noticed Grum
  5809 | D:8      | Killed Grum
  5857 | D:8      | Reached ** piety under Okawaru
  5883 | D:8      | Reached skill level 8 in Throwing
  5888 | D:8      | Slain by a crocodile

Skill      XL: |  1  2  3  4  5  6  7  8  9 |
---------------+----------------------------+-----
Throwing       | 4 5 6 7 8 |  8.0
Unarmed Combat | 1 2 3 4 6 7 |  7.2
Dodging        | 2 3 4 |  4.2
Fighting       | 2 3 4 |  4.6
Shields        | 1 2 3 |  3.3
Invocations    | 1 2 |  2.0
Stealth        | |  0.3

Action                   |  1- 3 |  4- 6 |  7- 9 || total
-------------------------+-------+-------+-------++-------
Melee: Unarmed           |   151 |   197 |   269 ||   617
       Punch             |     1 |     1 |       ||     2
Throw: Large rock        |       |     3 |    20 ||    23
       Throwing net      |       |       |     1 ||     1
  Use: Potion            |       |       |     6 ||     6
       Scroll            |       |       |     1 ||     1
 Stab: Sleeping          |     1 |     1 |     1 ||     3
       Distracted        |     1 |       |       ||     1
       Invisible         |       |       |     5 ||     5
  Eat: Chunk             |    14 |    18 |    20 ||    52
       Fruit             |       |       |     1 ||     1
Armor: Robe              |    75 |    75 |    80 ||   230
Dodge: Dodged            |    92 |    92 |   103 ||   287
Block: Shield            |       |     5 |   135 ||   140
